 Dungeon Crawl Stone Soup version 0.28-a0-1412-gf95308ed99 (webtiles) character file.

Game seed: 18208504517042572215

1103 freelancePsychic the Skirmisher (level 8, -1/55 (64) HPs)
             Began as a Demonspawn Fighter on Jan 7, 2022.
             Was an Initiate of Qazlal.
             Slain by Maggie (4 damage)
             ... on level 6 of the Dungeon.
             The game lasted 00:08:25 (5762 turns).

freelancePsychic the Skirmisher (DsFi)              Turns: 5762, Time: 00:08:26

HP:   -1/55 (64)    AC: 17    Str: 20    XL:     8   Next: 10%
MP:   0/19          EV:  6    Int:  9    God:    Qazlal [......]
Gold: 164           SH:  0    Dex: 12    Spells: 7/7 levels left

rFire   . . .      SeeInvis .   r - +1 dagger (venom)
rCold   . . .      Faith    .   t - orb {light}
rNeg    . . .      Spirit   +   s - +0 plate armour
rPois   .          Reflect  .   (no helmet)
rElec   .          Harm     .   (no cloak)
rCorr   .          Rampage  .   (no gloves)
Will    .....                   (no boots)
Stlth   ..........              o - amulet of guardian spirit
HPRegen 0.18/turn               w - ring of magical power
MPRegen 0.16/turn               (no ring)

@: sanguine armoured, mesmerised, glowing, heavily drained
A: powered by pain 1, sanguine armour 1
a: Renounce Religion


You were on level 6 of the Dungeon.
You worshipped Qazlal.
Qazlal was noncommittal.
You visited 1 branch of the dungeon, and saw 6 of its levels.

You collected 164 gold pieces.

Inventory:

Hand Weapons
 a - a +0 war axe
 d - a +0 short sword of venom
 f - a +0 battleaxe
 k - a +1 dagger of protection
 r - a +1 dagger of venom (weapon)
Missiles
 i - 8 poisoned darts (quivered)
Armour
 c - a +0 buckler
 s - a +0 plate armour (worn)
 t - an orb of light (worn)
Jewellery
 o - an amulet of guardian spirit (around neck)
 u - an amulet of magic regeneration
 w - a ring of magical power (left hand)
 z - a ring of wizardry
Wands
 x - a wand of digging (5)
Scrolls
 b - 2 scrolls of teleportation {@r4}
 j - 2 scrolls of immolation
 l - 2 scrolls of enchant weapon
 q - 3 scrolls of identify {@r1}
 y - a scroll of vulnerability {unknown}
Potions
 e - a potion of flight
 g - 2 potions of lignification {unknown}
 h - 2 potions of haste {unknown}
 n - a potion of degeneration {unknown}
 p - 2 potions of ambrosia
 v - a potion of attraction {unknown}


   Skills:
 + Level 5.7 Fighting
 - Level 4.9 Short Blades
 * Level 4.1 Axes
 - Level 3.9 Armour
 - Level 2.6 Shields
 + Level 3.0 Invocations


You had 7 spell levels left.
You didn't know any spells.
Your spell library contained the following spells:

 Spells                   Type           Power      Damage    Failure   Level
 Ensorcelled Hibernation  Hex/Ice        0%         N/A       100%        2
 Tukima's Dance           Hex            0%         N/A       100%        3
 Enfeeble                 Hex            0%         N/A       100%        7


Dungeon Overview and Level Annotations

Branches:
Dungeon (6/15)
 Temple: D:4-7

Altars:
Cheibriados
Makhleb
Qazlal
Sif Muna
Wu Jian

Shops:
D:4 (

Annotations:
D:5 2 transporters, Foxy's ghost, amateur OgWz
D:6 Maggie


Innate Abilities, Weirdness & Mutations

You sometimes gain a little power by taking damage.
When seriously injured, your blood forms armour. (AC +6)


Message History

You hit Maggie but do no damage.
Maggie is moderately wounded.
Maggie mumbles some strange words.
Maggie draws you further into her thrall.
You hit Maggie.
Maggie is moderately wounded.
Maggie hits you with a +2 war axe of draining!
You feel drained.
You hit Maggie but do no damage.
Maggie looks as sick as possible!
Maggie is moderately wounded.
Maggie hits you with a +2 war axe of draining.
You feel drained.
You hit Maggie.
Maggie looks as sick as possible!
Maggie is heavily wounded.
You hit Maggie.
Maggie is heavily wounded.
Maggie hits you with a +2 war axe of draining.
You feel drained.
You hit Maggie but do no damage.
Maggie is heavily wounded.
Maggie hits you with a +2 war axe of draining.
You feel drained.
You feel better. Maggie casts a spell at you. The bolt of fire hits you!
You hit Maggie but do no damage.
Maggie is heavily wounded.
Maggie mumbles some strange words.
Maggie draws you further into her thrall.
You hit Maggie but do no damage.
Maggie is heavily wounded.
You hit Maggie.
Maggie is severely wounded.
Maggie points at you and mumbles some strange words.
The bolt of fire hits you!!
* * * LOW HITPOINT WARNING * * *
You hit Maggie but do no damage.
Maggie looks as sick as possible!
Maggie is severely wounded.
Maggie hits you with a +2 war axe of draining.
You die...

### ..# ##.##
#...# #...#
PP## #...#
##PPP#
##.###.@.#
#....#
#......@.#
#....#
#######(.#
#....# . ##(.#
#....#...
#...###........
#.....l...=....
#...####.......
#..... ...##..
#...### ...#


You could see Maggie (mesmerising, extremely poisoned).

Vanquished Creatures
  A necrophage (D:4)
  An ogre (D:4)
  2 ice beasts (D:5)
  A scorpion (D:4)
  A water moccasin zombie (D:5)
  A water moccasin skeleton (D:4)
  A howler monkey (D:5)
  3 orc priests
  A centaur skeleton (D:4)
  A jelly (D:5)
  3 hounds
  A bullfrog skeleton (D:5)
  3 iguanas
  3 orc wizards
  A hound skeleton (D:5)
  4 gnolls
  An adder (D:2)
  2 ufetubi
  2 dart slugs
  12 orcs
  7 endoplasms
  5 giant cockroaches
  5 goblins
  3 hobgoblins
  3 jackals (D:1)
  2 quokkas
  5 ball pythons
  7 bats
  3 frilled lizards
  6 kobolds
  7 rats
98 creatures vanquished.

Notes
Turn   | Place    | Note
-------+----------+-------------------------------------------
     0 | D:1      | freelancePsychic the Demonspawn Fighter began the quest for
                  | the Orb.
     0 | D:1      | Reached XP level 1. HP: 18/18 MP: 1/1
   411 | D:1      | Gained mutation: You sometimes gain a little power by
                  | taking damage. [demonic ancestry]
   411 | D:1      | Reached XP level 2. HP: 22/24 MP: 2/2
   566 | D:1      | Reached skill level 1 in Short Blades
   748 | D:1      | Reached XP level 3. HP: 29/29 MP: 3/3
   889 | D:1      | Found a faded altar of an unknown god.
  1091 | D:2      | Found a burning altar of Makhleb.
  1622 | D:3      | Found a shimmering blue altar of Sif Muna.
  1736 | D:3      | Gained mutation: When seriously injured, your blood forms
                  | armour. (AC +6) [demonic ancestry]
  1736 | D:3      | Reached XP level 4. HP: 19/37 MP: 4/4
  2159 | D:3      | Reached skill level 4 in Fighting
  2493 | D:4      | Reached XP level 5. HP: 26/42 MP: 5/5
  2732 | D:4      | Found an ornate altar of the Wu Jian Council.
  2745 | D:4      | Noticed a necrophage
  2939 | D:4      | Reached XP level 6. HP: 37/49 MP: 6/6
  3443 | D:4      | Found Cysuady's Weapon Boutique.
  3672 | D:4      | Reached XP level 7. HP: 55/55 MP: 7/7
  4064 | D:4      | Reached skill level 5 in Fighting
  4133 | D:5      | Entered Level 5 of the Dungeon
  4133 | D:5      | Found a stormy altar of Qazlal.
  4135 | D:5      | Found a transporter.
  4136 | D:5      | Noticed Foxy's ghost (amateur OgWz)
  4137 | D:5      | Found a transporter.
  4323 | D:5      | Became a worshipper of Qazlal Stormbringer
  4447 | D:4      | Reached skill level 1 in Invocations
  4864 | D:5      | Found a snail-covered altar of Cheibriados.
  5097 | D:5      | Reached XP level 8. HP: 28/64 MP: 10/10
  5535 | D:5      | Found Jot Xeiw's Overcharged Wands.
  5722 | D:6      | Noticed Maggie
  5762 | D:6      | Slain by Maggie

Illustrated notes

Levels and vault maps discovered:
D:1:      dpeg_arrival_snail, layout_basic, shapermc_ecumenical_altar_hornbeckon
D:2:      wander_river, layout_rooms, basic_altar
D:3:      layout_basic, mainiacjoe_overflow_24_doors, serial_forest,
          infiniplex_forest_end_double, infiniplex_forest_end_1,
          infiniplex_forest_lined_1, infiniplex_forest_clump_diagonal,
          infiniplex_forest_straight_1, kennysheep_another_room
D:4:      layout_basic, nzn_wu_jian_contemplation, serial_shops,
          nicolae_shop_bloodbath_and_beyond
D:5:      layout_basic, mainiacjoe_overflow_catwalk, grunt_qazlal_sundering,
          gammafunk_ghost_hive, kennysheep_minor_cross,
          nicolae_shop_overcharged_wands
D:6:      layout_basic, mainiacjoe_overflow_alcove_1,
          minmay_temple_entry_metal_lava, serial_shops, nicolae_lakefront_shop,
          grunt_decor_resistance, grunt_ministairs_2, uniq_maggie, uniq_pikel,
          uniq_prince_ribbit1, uniq_crazy_yiuf_cottage

Skill      XL: |  1  2  3  4  5  6  7  8 |
---------------+-------------------------+-----
Axes           | 2 4 |  4.1
Short Blades   | 1 2 3 4 |  4.9
Fighting       | 4 5 |  5.7
Armour         | 3 |  3.9
Invocations    | 2 3 |  3.0
Shields        | |  2.6

Action                   |  1- 3 |  4- 6 |  7- 9 || total
-------------------------+-------+-------+-------++-------
Melee: War axe           |    13 |       |       ||    13
       Short sword       |   101 |    19 |       ||   120
       Dagger            |       |   160 |   171 ||   331
Throw: Dart              |       |    11 |     3 ||    14
  Use: Potion            |     1 |     1 |     1 ||     3
       Scroll            |     3 |     1 |       ||     4
Armor: Scale mail        |    47 |     8 |       ||    55
       Plate armour      |       |    89 |    82 ||   171
Dodge: Dodged            |    30 |    39 |    34 ||   103
Block: Buckler           |    20 |    37 |       ||    57

Table legend: (Time is in decaauts)
 A = Elapsed time spent in this place.
 B = Non-inter-level travel time spent in this place.
 C = Inter-level travel time spent in this place.
 D = Time resting spent in this place.
 E = Time spent auto-exploring this place.
 F = Levels seen in this place.
 G = Mean time per level.
                   A        B        C        D        E       F      G
               +--------+--------+--------+--------+--------+-----+--------+
         Total |   5728 |   5507 |    221 |    515 |   3976 |   6 |  954.7 |
       Dungeon |   5728 |   5507 |    221 |    515 |   3976 |   6 |  954.7 |
               +--------+--------+--------+--------+--------+-----+--------+

Top non-repeatable levels by time:
     D:4: 1631 daAuts
     D:5: 1434 daAuts
     D:3: 1186 daAuts
     D:1: 990 daAuts
     D:2: 441 daAuts
     D:6: 43 daAuts
